 Dungeon Crawl Stone Soup version 0.17-a0-2002-g92c7e20 (webtiles) character file.

3304 tp1 the Basher (level 10, -3/56 HPs)
             Began as a Gargoyle Berserker on Oct 8, 2015.
             Was an Elder of Trog.
             Slain by a red ugly thing (23 damage)
             ... on level 7 of the Dungeon.
             The game lasted 00:26:25 (5677 turns).

tp1 the Basher (Gargoyle Berserker)                 Turns: 5677, Time: 00:26:26

Health: -3/56      AC: 23    Str: 24    XL:     10   Next: 1%
Magic:  10/10      EV: 10    Int:  8    God:    Trog [****..]
Gold:   225        SH:  0    Dex:  9    Spells: 0 memorised, 9 levels left

rFire  . . .     SeeInvis .     A - +0 dire flail
rCold  . . .     Clarity  .     y - +1 chain mail
rNeg   + + .     SustAt   .     (no shield)
rPois  ∞         Gourm    .     t - +0 helmet
rElec  +         Spirit   .     w - +0 cloak
rCorr  .         Warding  +     m - +0 pair of gloves
rMut   .         Stasis   .     (no boots)
MR     .....                    T - amulet of warding
Stlth  ..........               (no ring)
                                F - ring of flight

@: not resistant to hostile enchantments, extremely unstealthy
A: negative energy resistance 1, electricity resistance, unbreathing,
petrification resistance, rot immunity, AC +7
a: Burn Spellbooks, Berserk, Trog's Hand, Brothers in Arms, Renounce Religion,
Evoke Flight


You were on level 7 of the Dungeon.
You worshipped Trog.
Trog was greatly pleased with you.
You were hungry.

You visited 1 branch of the dungeon, and saw 7 of its levels.

You collected 283 gold pieces.
You spent 58 gold pieces at shops.

Inventory:

Hand Weapons
 a - a +0 mace
 s - a +0 flail
 A - a +0 dire flail (weapon)
 I - a +0 morningstar
Armour
 b - a +0 animal skin
 e - a +0 ring mail
 j - a +0 cloak
 m - a +0 pair of gloves (worn)
 n - a +0 cloak
 t - a +0 helmet (worn)
 w - a +0 cloak (worn)
 y - a +1 chain mail (worn)
 B - a +0 scale mail
Jewellery
 g - an uncursed ring of protection from fire
 o - an uncursed ring of teleportation
 F - a ring of flight (left hand)
 T - an amulet of warding (around neck)
Wands
 x - a wand of enslavement (9)
 D - a wand of teleportation (3)
 K - a wand of teleportation (3)
 P - a wand of slowing (32)
 V - a wand of random effects (22)
Scrolls
 h - 3 scrolls of teleportation
 i - 2 scrolls of magic mapping
 l - 2 scrolls of remove curse
 G - 7 scrolls of identify
 H - a scroll of blinking {unknown}
 J - a scroll of noise {unknown}
 M - a scroll of fog
 Q - a scroll of recharging {unknown}
 U - a scroll of enchant armour
 W - 3 scrolls of immolation {unknown}
Potions
 d - 2 potions of heal wounds
 k - 4 potions of curing {unknown}
 p - a potion of invisibility {unknown}
 q - 2 potions of magic {unknown}
 r - a potion of brilliance {unknown}
 v - a potion of resistance {unknown}
 C - a potion of lignification {unknown}
 E - a potion of might {unknown}
 N - 2 potions of flight {unknown}
 O - 2 potions of agility {unknown}
 R - a potion of cancellation {unknown}
 S - a potion of beneficial mutation {unknown}
Comestibles
 c - 7 bread rations
 f - 4 meat rations
 u - 2 beef jerkies
 z - a royal jelly
 L - 3 fruits


   Skills:
 - Level 4.1 Fighting
 + Level 9.1 Maces & Flails
 + Level 9.0 Armour
 - Level 6.0 Dodging


You had 9 spell levels left.
You didn't know any spells.

Dungeon Overview and Level Annotations

Branches:
Dungeon (7/15)             Temple (0/1) D:5

Altars:
Elyvilon
Gozag
Kikubaaqudgha
Nemelex Xobeh
Okawaru
Qazlal
Ru
Trog
Vehumet
Xom
Zin
The Shining One

Shops:
D:4 [


Innate Abilities, Weirdness & Mutations

You are resistant to torment.
Your stone body is resilient (AC +7).
You are immune to poison.
You resist negative energy.
You are resistant to electric shocks.
You can survive without breathing.
You are immune to petrification.
You are immune to rotting.


Message History

You hit the wight but do no damage.
The wight is almost destroyed.
The wight closely misses you.
You impale the wight!!
You destroy the wight!
No target in view!
Things that are here:
a halberd; a robe
Things that are here:
an enchanted falchion; a robe
Things that are here:
a halberd; a robe
Things that are here:
a great sword; a robe
Found a stone staircase leading down.
A red ugly thing comes into view.
The red ugly thing gurgles horribly!
The red ugly thing pecks you.
You are engulfed in flames!!
The red ugly thing pecks you.
You are engulfed in flames!!
You die...

#....................
#....(....)....#.....
#........).)...#.....
#........))....#..)..
#######.####........#.....
#.........................
#.#####.#################.
#.#########..<....#.
#>.@u...............
#####.#####.#.....#. .#
#.#...## ## #.....##
#.....## #....†). #.......
######.. #..


You could see a red ugly thing.

Vanquished Creatures
  Pikel (D:4)
  Grinder (D:6)
  A steam dragon (D:7)
  Edmund (D:4)
  2 phantoms
  A sky beast (D:5)
  4 ogres
  4 centaurs
  A big kobold (D:6)
  A giant frog (D:6)
  2 scorpions
  2 killer bees (D:7)
  4 wights (D:7)
  3 crimson imps
  2 hounds
  2 jellies
  2 orc priests (D:7)
  6 orc wizards
  A giant frog skeleton (D:5)
  A giant frog zombie (D:7)
  2 iguanas
  4 worker ants
  Robin (D:3)
  12 adders
  3 oozes
  An adder zombie (D:7)
  4 worms
  An adder skeleton (D:7)
  21 orcs
  2 ball pythons
  3 giant cockroaches
  18 goblins
  11 hobgoblins
  3 jackals (D:4)
  5 quokkas
  13 bats
  4 giant geckos
  A giant gecko skeleton (D:7)
  3 giant newts
  10 kobolds
  A quokka zombie (D:5)
  6 rats
171 creatures vanquished.

Vanquished Creatures (collateral kills)
  3 killer bees (D:7)
3 creatures vanquished.

Vanquished Creatures (others)
  An adder (D:4)
  A giant gecko (D:4)
  An orc (D:4)
  A giant cockroach (D:4)
4 creatures vanquished.

Grand Total: 178 creatures vanquished

Notes
Turn   | Place    | Note
--------------------------------------------------------------
     0 | D:1      | tp1 the Gargoyle Berserker began the quest for the Orb.
     0 | D:1      | Reached XP level 1. HP: 14/14 MP: 1/1
   121 | D:1      | Reached XP level 2. HP: 19/19 MP: 2/2
   436 | D:2      | Reached XP level 3. HP: 19/24 MP: 3/3
   452 | D:2      | Acquired Trog's second power
   557 | D:2      | Reached skill level 4 in Fighting
   557 | D:2      | Reached XP level 4. HP: 4/29 MP: 4/4
  1020 | D:2      | Found an iron altar of Okawaru.
  1020 | D:2      | Found a bloodstained altar of Trog.
  1509 | D:3      | Reached XP level 5. HP: 33/33 MP: 5/5
  1626 | D:3      | Noticed a centaur
  1639 | D:3      | Killed a centaur
  1888 | D:3      | Found an ancient bone altar of Kikubaaqudgha.
  1939 | D:3      | Found an opulent altar of Gozag.
  1975 | D:3      | Noticed Robin
  1985 | D:3      | Found a sacrificial altar of Ru.
  1985 | D:3      | Found a white marble altar of Elyvilon.
  2012 | D:3      | Reached XP level 6. HP: 29/38 MP: 6/6
  2034 | D:3      | Killed Robin
  2054 | D:3      | Found a sparkling altar of Nemelex Xobeh.
  2054 | D:3      | Found a glowing golden altar of the Shining One.
  2054 | D:3      | Found a radiant altar of Vehumet.
  2072 | D:3      | Found a shimmering altar of Xom.
  2521 | D:4      | Noticed Edmund
  2573 | D:4      | Killed Edmund
  2573 | D:4      | Reached XP level 7. HP: 14/43 MP: 7/7
  2801 | D:4      | Found Goevud's Armour Shoppe.
  2802 | D:4      | Noticed Pikel
  2820 | D:4      | Killed Pikel
  2820 | D:4      | Reached skill level 5 in Maces & Flails
  2820 | D:4      | Reached skill level 5 in Armour
  2820 | D:4      | Reached skill level 5 in Dodging
  2820 | D:4      | Reached XP level 8. HP: 37/48 MP: 8/8
  2866 | D:4      | Bought a +0 pair of gloves for 58 gold pieces
  2959 | D:4      | Reached skill level 6 in Dodging
  3464 | D:4      | Found a glowing silver altar of Zin.
  3544 | D:5      | Entered Level 5 of the Dungeon
  3773 | D:5      | Found a staircase to the Ecumenical Temple.
  3853 | D:5      | Acquired Trog's third power
  4192 | D:5      | Reached XP level 9. HP: 50/52 MP: 9/9
  4356 | D:5      | Reached skill level 7 in Armour
  4725 | D:6      | Found a stormy altar of Qazlal.
  4788 | D:6      | Noticed Grinder
  4799 | D:6      | Killed Grinder
  4878 | D:6      | Reached skill level 8 in Armour
  5648 | D:7      | Reached skill level 9 in Maces & Flails
  5651 | D:7      | Reached XP level 10. HP: 37/56 MP: 10/10
  5673 | D:7      | Noticed a red ugly thing
  5677 | D:7      | Slain by a red ugly thing

Vault maps used:
D:1:      eino_arrival_cavern_e, tso_altar
D:2:      forest_paths, gammafunk_temple_overflow_elements,
          kennysheep_pointless_box, item_on_display_a
D:3:      old_standard_altar, lemuel_round_altar, grunt_gozag_statues,
          grunt_temple_overflow_open, first_bread, minmay_ruptured, uniq_robin
D:4:      kennysheep_mini, serial_shops, shop, uniq_edmund, uniq_pikel
D:5:      minmay_temple_entry_butterflies, minivault_23, solitary_fountain,
          abandoned_shop
D:6:      st_stairs_5, minmay_misc_feat_room, nicolae_qazlal_general_emergency,
          uniq_grinder
D:7:      minmay_misc_feat_diagonals, uniq_crazy_yiuf_cottage

Action                   |  1- 3 |  4- 6 |  7- 9 | 10-12 || total
-------------------------+-------+-------+-------+-------++-------
Melee: Mace              |   100 |   175 |       |       ||   275
       Flail             |       |    74 |    15 |       ||    89
       Dire flail        |       |       |   267 |     4 ||   271
       Morningstar       |       |       |   112 |       ||   112
Invok: Berserk           |     1 |     2 |     2 |       ||     5
       Trog's Hand       |       |       |     2 |       ||     2
       Brothers in Arms  |       |       |     1 |       ||     1
  Use: Scroll            |       |     4 |     5 |       ||     9
  Eat: Chunk             |       |     7 |    10 |       ||    17
       Bread ration      |       |       |     1 |       ||     1
